 Dungeon Crawl Stone Soup version 0.29-a0-221-gceb61267dd (webtiles) character file.

Game seed: 15625149534654679810

143 Majang the Bolt Thrower (level 5, -2/32 HPs)
             Began as a Kobold Hunter on Feb 26, 2022.
             Slain by Robin
             ... wielding a +0 club
              (4 damage)
             ... on level 3 of the Dungeon.
             The game lasted 00:09:18 (3269 turns).

Majang the Bolt Thrower (Kobold Hunter)             Turns: 3269, Time: 00:09:18

Health: -2/32      AC:  5    Str: 12    XL:     5   Next: 50%
Magic:  5/5        EV: 14    Int: 12    God:
Gold:   115        SH:  0    Dex: 15    Spells: 4/4 levels left

rFire   . . .      SeeInvis .   a - +1 hand crossbow
rCold   . . .      Faith    .   (no shield)
rNeg    . . .      Spirit   .   g - +0 leather armour
rPois   .          Reflect  .   (no helmet)
rElec   .          Harm     .   l - +1 cloak
rCorr   .          Rampage  .   (no gloves)
Will    .....                   (no boots)
Stlth   +++.......              (no amulet)
HPRegen 0.10/turn               (no ring)
MPRegen 0.09/turn               (no ring)

@: brilliant, flying
A: small, no large weapons, nightstalker 3
a: no special abilities


You were on level 3 of the Dungeon.
You visited 1 branch of the dungeon, and saw 3 of its levels.

You collected 115 gold pieces.

Inventory:

Hand Weapons
 a - a +1 hand crossbow (weapon)
 b - a +0 dagger
Armour
 g - a +0 leather armour (worn)
 k - a +0 chain mail
 l - a +1 cloak (worn)
Scrolls
 d - a scroll of torment {unknown}
 f - a scroll of fear {unknown}
 m - a scroll of immolation {unknown}
 p - a scroll of teleportation {unknown}
Potions
 c - 2 potions of brilliance
 e - a potion of flight
 h - a potion of haste {unknown}
 i - a potion of curing {unknown}
 j - a potion of attraction {unknown}
 n - a potion of might {unknown}
 o - a potion of mutation {unknown}


   Skills:
 + Level 3.3 Fighting
 * Level 6.9 Crossbows
 + Level 1.1 Armour
 + Level 3.1 Dodging
 + Level 2.3 Stealth


You had 4 spell levels left.
You didn't know any spells.
Your spell library contained the following spells:

 Spells                   Type           Power      Damage    Failure   Level
 Dazzling Flash           Conj/Hex       0%         N/A       77%         3
 Agony                    Necr           0%         N/A       100%        5
 Silence                  Hex/Air        0%         N/A       100%        5


Dungeon Overview and Level Annotations

Branches:
Dungeon (3/15)

Altars:

Shops:
D:3 =

Annotations:
D:3 Robin


Innate Abilities, Weirdness & Mutations

You are small and have problems with some larger weapons.
You are completely attuned to the shadows.


Message History

The bolt closely misses the hobgoblin.
The bolt closely misses the goblin.
The goblin no longer looks unusually strong.
The goblin misses you.
Robin roars a battlecry!
The goblin goes into a battle-frenzy!
You hear a shout! x2
You shoot a bolt. The bolt closely misses Robin.
The bolt barely misses the hobgoblin.
The bolt hits the goblin!
You kill the goblin!
You hear a shout!
The hobgoblin no longer looks unusually strong.
The goblin no longer looks unusually strong.
The goblin closely misses you.
Robin roars a battlecry!
The goblins go into a battle-frenzy!
You shoot a bolt. The bolt barely misses Robin.
The bolt hits the hobgoblin!
You kill the hobgoblin!
Robin hits you with a +0 club. The goblin hits you with a +0 club.
Unknown command.
You are too injured to fight recklessly!
Unknown command.
You are too injured to fight recklessly!
You are too injured to fight recklessly!
Shoot: a) +1 hand crossbow
Press: ? - help, Shift-Dir - straight line, f/p - Robin
Aim: Robin, wielding a +0 club, wearing a +0 animal skin and wearing a +0 helmet (severely wounded, 72% to hit)
You shoot a bolt. The bolt hits Robin.
Robin is almost dead.
Robin hits you with a +0 club. The goblin hits you with a +0 club.
* * * LOW HITPOINT WARNING * * *
It was a potion of flight.
You feel very buoyant.
You fly up into the air.
Robin throws the goblin at you! The goblin hits you with a +0 club.
* * * LOW HITPOINT WARNING * * *
The goblin hits you but does no damage.
It was a potion of brilliance.
You feel clever all of a sudden. Robin hits you with a +0 club.
You die...

##########
.........#
##..####)#
...## #.###
#### #...# #
###.### ##
#...# .#
###.######.#
.## #.##g@g.)#
..# #..#g####.
#.#### ##.#.#
.....###
###...#
#......##
#....##
###.##†.#
#.#.##
#..##.###.#.#
##.##..##.#.##
#.###....#..##


You could see Robin and 2 goblins.

Vanquished Creatures
  3 adders (D:2)
  3 gnolls (D:2)
  2 worms (D:2)
  2 dart slugs
  9 endoplasms
  14 goblins
  4 hobgoblins
  6 jackals (D:3)
  6 quokkas
  4 ball pythons
  4 bats
  A frilled lizard (D:2)
  7 kobolds
  4 rats
69 creatures vanquished.

Notes
Turn   | Place    | Note
-------+----------+-------------------------------------------
     0 | D:1      | Majang the Kobold Hunter began the quest for the Orb.
     0 | D:1      | Reached XP level 1. HP: 12/12 MP: 1/1
   306 | D:1      | Reached XP level 2. HP: 18/18 MP: 2/2
   550 | D:1      | Reached skill level 6 in Crossbows
   567 | D:1      | Found a faded altar of an unknown god.
   696 | D:1      | Reached XP level 3. HP: 22/22 MP: 3/3
  1212 | D:2      | Reached XP level 4. HP: 27/27 MP: 4/4
  2420 | D:2      | Reached XP level 5. HP: 9/32 MP: 5/5
  2823 | D:3      | Reached skill level 1 in Armour
  2866 | D:3      | Found Con Distremio's Jewellery Emporium.
  3252 | D:3      | Noticed Robin
  3269 | D:3      | Slain by Robin

Illustrated notes

Levels and vault maps discovered:
D:1:      giann_bridges, layout_basic, hellmonk_ecumenical_altar_leap_of_faith,
          minmay_misc_feat_plants, chequers_arboretum
D:2:      layout_basic, nicolae_figureground_pulse
D:3:      layout_rooms, serial_shops, nicolae_shop_behind_doors, serial_curves,
          eino_curves_02, eino_curves_04, uniq_robin

Skill      XL: |  1  2  3  4  5 |
---------------+----------------+-----
Crossbows      | 6 |  6.9
Fighting       | 3 |  3.3
Dodging        | 3 |  3.1
Stealth        | 2 |  2.3
Armour         | 1 |  1.1

Action                   |  1- 3 |  4- 6 || total
-------------------------+-------+-------++-------
Melee: Dagger            |       |     3 ||     3
 Fire: Hand crossbow     |    59 |   127 ||   186
  Use: Potion            |       |     2 ||     2
Armor: Leather armour    |     3 |    26 ||    29
Dodge: Dodged            |    17 |    69 ||    86

Table legend: (Time is in decaauts)
 A = Elapsed time spent in this place.
 B = Non-inter-level travel time spent in this place.
 C = Inter-level travel time spent in this place.
 D = Time resting spent in this place.
 E = Time spent auto-exploring this place.
 F = Levels seen in this place.
 G = Mean time per level.
                   A        B        C        D        E       F      G
               +--------+--------+--------+--------+--------+-----+--------+
         Total |   3311 |   3242 |     69 |    664 |   2136 |   3 | 1103.7 |
       Dungeon |   3311 |   3242 |     69 |    664 |   2136 |   3 | 1103.7 |
               +--------+--------+--------+--------+--------+-----+--------+

Top non-repeatable levels by time:
     D:2: 1821 daAuts
     D:1: 1017 daAuts
     D:3: 472 daAuts
